 Dungeon Crawl Stone Soup version 0.19.1 (webtiles) character file.

492 Malachi the Skirmisher (level 6, -3/52 HPs)
             Began as a Demonspawn Abyssal Knight on Dec 9, 2016.
             Was a Believer of Lugonu.
             Shot with an arrow by a centaur (10 damage)
             ... on level 3 of the Dungeon.
             The game lasted 00:05:41 (2547 turns).

Malachi the Skirmisher (Demonspawn Abyssal Knight)  Turns: 2547, Time: 00:05:41

Health: -3/52      AC:  3    Str: 15    XL:     6   Next: 91%
Magic:  7/8        EV: 11    Int: 13    God:    Lugonu [**....]
Gold:   175        SH:  4    Dex: 12    Spells: 0 memorised, 5 levels left

rFire  . . .     SeeInvis .     a - +2 falchion
rCold  . . .     Gourm    .     b - +0 leather armour
rNeg   . . .     Faith    .     (no shield)
rPois  .         Spirit   .     (helmet restricted)
rElec  .         Reflect  .     (no cloak)
rCorr  .         Harm     .     (no gloves)
MR     .....                    (no boots)
Stlth  +.........               (no amulet)
                                (no ring)
                                (no ring)

@: no status effects
A: antennae 2, large bone plates 1
a: Depart the Abyss, Bend Space, Renounce Religion


You were on level 3 of the Dungeon.
You worshipped Lugonu.
Lugonu was pleased with you.
You were not hungry.

You visited 1 branch of the dungeon, and saw 3 of its levels.
You visited the Abyss 1 time.

You collected 175 gold pieces.

Inventory:

Hand Weapons
 a - a +2 falchion (weapon)
Missiles
 h - 4 javelins of penetration (quivered)
Armour
 b - a +0 leather armour (worn)
 n - a +0 helmet
Scrolls
 g - a scroll of identify
 i - a scroll of remove curse
Potions
 e - 4 potions of curing
 j - 2 potions of heal wounds
 m - a potion of might
 o - a potion of agility
 q - 3 potions of flight
Comestibles
 c - 3 bread rations
 d - 2 meat rations
 f - a chunk of flesh
 r - a royal jelly


   Skills:
 + Level 5.9 Fighting
 + Level 3.7 Long Blades
 + Level 2.7 Armour
 + Level 1.5 Dodging
 + Level 0.4 Stealth
 + Level 3.5 Invocations


You had 5 spell levels left.
You didn't know any spells.

Dungeon Overview and Level Annotations

Branches:
Dungeon (3/15)

Altars:
Sif Muna
Zin


Innate Abilities, Weirdness & Mutations

You have a pair of antennae on your head.
You are partially covered in large bone plates. (SH +4)


Message History

You hit the centaur.
The centaur is lightly wounded.
The centaur hits you. The centaur closely misses you.
You barely miss the centaur.
The centaur is lightly wounded.
The centaur hits you. You block the centaur's attack.
You hit the centaur.
The centaur is moderately wounded.
The centaur hits you! The centaur hits you.
You closely miss the centaur.
The centaur is moderately wounded.
The centaur hits you!
* * * LOW HITPOINT WARNING * * *
You are too injured to fight recklessly!
You are too injured to fight recklessly!
Okay, then.
Space bends around you!
You blink.
* * * LOW HITPOINT WARNING * * *
The centaur wields a shortbow.
The centaur shoots an arrow.
The arrow hits you!
You die...

####### #.@...#
#.###.# #.# #.#
.##.###.###.##########
.......†.†.%..>......#
#.####
###.##§###.#.######.#
#...<# #c#
#.#.######.# ######
#S# #.#........# ..#
#.#.###########


You could see a centaur and an adder.

Vanquished Creatures
  3 orc wizards (D:3)
  Natasha (thrice) (D:2)
  3 adders
  A dart slug (D:1)
  A worm (D:3)
  2 leopard geckos
  2 orcs (D:3)
  4 bats
  2 giant cockroaches (D:3)
  8 goblins
  7 jackals
  5 kobolds
  3 frilled lizards
  9 rats
53 creatures vanquished.

Vanquished Creatures (collateral kills)
  A spatial maelstrom (Abyss:2)
1 creature vanquished.

Grand Total: 54 creatures vanquished

Notes
Turn   | Place    | Note
-------+----------+-------------------------------------------
     0 | Abyss:1  | Malachi the Demonspawn Abyssal Knight began the quest for the Orb.
     0 | Abyss:1  | Reached XP level 1. HP: 18/18 MP: 2/2
    55 | Abyss:2  | Noticed a spatial maelstrom
    57 | Abyss:2  | Noticed a spatial vortex
    61 | Abyss:2  | Killed a spatial maelstrom
    61 | Abyss:2  | Reached skill level 5 in Fighting
    61 | Abyss:2  | Reached skill level 1 in Dodging
    61 | Abyss:2  | Gained mutation: You are partially covered in large bone plates. (SH +4) [demonic ancestry]
    61 | Abyss:2  | Reached XP level 2. HP: 28/28 MP: 2/4
    61 | Abyss:2  | Gained mutation: You have a pair of small antennae on your head. [demonic ancestry]
    61 | Abyss:2  | Reached XP level 3. HP: 34/34 MP: 2/5
    61 | Abyss:2  | Reached XP level 4. HP: 40/40 MP: 2/6
    61 | Abyss:2  | Gained mutation: You have a pair of antennae on your head. [demonic ancestry]
    61 | Abyss:2  | Reached XP level 5. HP: 46/46 MP: 2/7
    72 | Abyss:2  | Noticed a spatial vortex
    83 | D:1      | Escaped the Abyss
   275 | D:1      | Reached XP level 6. HP: 50/52 MP: 8/8
   823 | D:2      | Noticed Natasha
   829 | D:2      | Killed Natasha
   897 | D:2      | Noticed Natasha
   905 | D:2      | Killed Natasha
   905 | D:2      | Reached ** piety under Lugonu
  1456 | D:2      | Noticed Natasha
  1464 | D:2      | Killed Natasha
  2160 | D:3      | Found a glowing silver altar of Zin.
  2481 | D:3      | Found a deep blue altar of Sif Muna.
  2547 | D:3      | Shot with an arrow by a centaur

Skill      XL: |  1  2  3  4  5  6 |
---------------+-------------------+-----
Fighting       | 5 |  5.9
Long Blades    | 2 3 |  3.7
Armour         | 2 |  2.7
Dodging        | 1 |  1.5
Invocations    | 3 |  3.5
Stealth        | |  0.4

Action                   |  1- 3 |  4- 6 || total
-------------------------+-------+-------++-------
Melee: Falchion          |       |   158 ||   158
Invok: Bend Space        |       |     1 ||     1
  Use: Scroll            |     1 |    11 ||    12
       Potion            |       |     1 ||     1
  Eat: Chunk             |       |     5 ||     5
Armor: Leather armour    |       |    39 ||    39
Dodge: Dodged            |       |   101 ||   101
Block: Other             |       |    27 ||    27
       Rpst.: Falchion   |       |    33 ||    33
